 Dungeon Crawl Stone Soup version 0.18-a0-917-g8a3da5b (webtiles) character file.

31 dvd the Chiller (level 3, -7/21 HPs)
             Began as an Octopode Ice Elementalist on Dec 26, 2015.
             Mangled by Crazy Yiuf
             ... wielding a +3 quarterstaff of chaos
              (19 damage)
             ... on level 2 of the Dungeon.
             The game lasted 00:04:17 (1200 turns).

dvd the Chiller (Octopode Ice Elementalist)         Turns: 1200, Time: 00:04:20

Health: -7/21      AC:  6    Str:  7    XL:     3   Next: 22%
Magic:  3/6        EV: 12    Int: 18    God:
Gold:   63         SH:  0    Dex: 12    Spells: 3 memorised, 0 levels left

rFire  . . .     SeeInvis .     (no weapon)
rCold  . . .     Gourm    .     (no shield)
rNeg   . . .     Faith    .     (helmet restricted)
rPois  .         Spirit   .     (no amulet)
rElec  .         Dismiss  .     (no ring)
rCorr  .         Reflect  .     (no ring)
SustAt .         Harm     .     (no ring)
MR     .....                    (no ring)
Stlth  +++.......               (no ring)
                                (no ring)
                                (no ring)
                                (no ring)

@: icy armour, not resistant to hostile enchantments, fairly stealthy
A: almost no armour, amphibious, 8 rings, constrict 8, camouflage 1, gelatinous
body 1
a: no special abilities


You were on level 2 of the Dungeon.
You were not hungry.

You visited 1 branch of the dungeon, and saw 2 of its levels.

You collected 63 gold pieces.

Inventory:

Scrolls
 e - 2 scrolls of identify {unknown}
 g - a scroll of amnesia {unknown}
 i - a scroll of blinking {unknown}
 k - a scroll of immolation {unknown}
 l - a scroll of remove curse {unknown}
 m - 2 scrolls of fear {unknown}
 n - a scroll of random uselessness {unknown}
Potions
 h - 3 potions of brilliance {unknown}
 j - 2 potions of curing {unknown}
Books
 a - a book of Frost

   Spells                             Type                      Level
   a - Freeze                         Ice                          1
   b - Throw Frost                    Conjuration/Ice              2
   c - Ozocubu's Armour               Charms/Ice                   3
   d - Throw Icicle                   Conjuration/Ice              4
   e - Summon Ice Beast               Ice/Summoning                4
   f - Condensation Shield            Ice                          4
Comestibles
 b - 2 bread rations
 c - 2 fruits
 d - a beef jerky
 f - 2 meat rations


   Skills:
 + Level 2.1 Dodging
 + Level 3.2 Stealth
 + Level 2.3 Spellcasting
 + Level 1.0 Conjurations
 + Level 3.6 Ice Magic


You couldn't memorise any spells.
You knew the following spells:

 Your Spells              Type           Power        Failure   Level  Hunger
a - Freeze                Ice            ###.         4%          1    #......
b - Throw Frost           Conj/Ice       ##....       12%         2    ##.....
c - Ozocubu's Armour      Chrm/Ice       #.......     30%         3    ###....


Dungeon Overview and Level Annotations

Branches:
Dungeon (2/15)

Altars:
Vehumet

Annotations:
D:2 Crazy Yiuf


Innate Abilities, Weirdness & Mutations

You cannot wear most types of armour.
You are amphibious.
You can wear up to eight rings at the same time.
You can use your tentacles to constrict eight enemies at once.
Your skin changes colour to match your surroundings (Stealth).
Your rubbery body absorbs attacks (AC +1).


Message History

The helpless Crazy Yiuf fails to defend himself.
You tentacle-slap Crazy Yiuf. You grab Crazy Yiuf.
Crazy Yiuf is lightly wounded.
You constrict Crazy Yiuf. Crazy Yiuf closely misses you.
Casting: Ozocubu's Armour
Confirm with . or Enter, or press ? or * to list all spells.
Aiming: Freeze
Press: ? - help, Shift-Dir - straight line, f - Crazy Yiuf
Aim: Crazy Yiuf, wielding a quarterstaff of chaos and wearing a cloak (lightly wounded, constricted by you)
You freeze Crazy Yiuf.
Crazy Yiuf is moderately wounded.
You constrict Crazy Yiuf. You tentacle-slap Crazy Yiuf. You squeeze Crazy Yiuf.
Crazy Yiuf is heavily wounded.
You constrict Crazy Yiuf.
Crazy Yiuf cries, "Nubble!"
Crazy Yiuf hits you with a quarterstaff of chaos!
You are electrocuted!
Ouch! That really hurt!
You die...

♣♣♣♣♣###
#####♣♣♣.♣.P..##
#...#♣..♣..P...##
#g@...♣♣♣♣P.....#
#)..#♣♣ ♣♣P....#
##### ♣♣###.#
#..# #.##
########### ###.#
#.........# #...#
##......#.###..##
#....###....>##


You could see Crazy Yiuf.

Vanquished Creatures
  An ooze (D:1)
  2 giant geckos (D:1)
  8 bats
  A giant cockroach (D:2)
  4 goblins
  3 hobgoblins
  2 giant newts (D:1)
  2 kobolds (D:1)
  A rat (D:1)
24 creatures vanquished.

Notes
Turn   | Place    | Note
--------------------------------------------------------------
     0 | D:1      | dvd the Octopode Ice Elementalist began the quest for the Orb.
     0 | D:1      | Reached XP level 1. HP: 11/11 MP: 3/3
   102 | D:1      | Reached XP level 2. HP: 12/17 MP: 3/5
   140 | D:1      | Learned a level 2 spell: Throw Frost
   822 | D:1      | Reached XP level 3. HP: 16/21 MP: 4/6
   911 | D:1      | Learned a level 3 spell: Ozocubu's Armour
  1057 | D:2      | Found a radiant altar of Vehumet.
  1192 | D:2      | Noticed Crazy Yiuf
  1200 | D:2      | Mangled by Crazy Yiuf

Vault maps used:
D:1:      lightli_arrival_boilingwater
D:2:      overflow_temple_1_default, minitemple, uniq_crazy_yiuf_cottage

Action                   || total
-------------------------++-------
Melee: Unarmed           ||    26
 Cast: Freeze            ||    27
       Throw Frost       ||     4
       Ozocubu's Armour  ||     1
 Stab: Sleeping          ||     9
  Eat: Chunk             ||     1
